 Seeded DCSS version 0.30.0 (webtiles) character file.

Game seed: 7229806256980976716 (custom seed)

25 bananamous the Trooper (level 2, 26/26 HPs)
             Began as a Draconian Berserker on July 11, 2023.
             Was a Follower of Trog.
             Got out of the dungeon alive.
             The game lasted 00:01:57 (784 turns).

bananamous the Trooper (Draconian Berserker)         Turns: 784, Time: 00:01:57

Health: 26/26      AC:  4    Str: 19    XL:     2   Next: 82%
Magic:  2/2        EV: 12    Int:  7    God:    Trog [*.....]
Gold:   50         SH:  0    Dex: 10    Spells: 1/1 levels left

rFire   . . .        a - +0 hand axe
rCold   . . .        (no shield)
rNeg    . . .        (body armour unavailable)
rPois   .            (helmet restricted)
rElec   .            (no cloak)
rCorr   .            (no gloves)
SInv    .            (no boots)
Will    .....        (no amulet)
Stlth   +            (no ring)
HPRegen 0.24/turn    (no ring)
MPRegen 0.08/turn

%: no passive effects
@: no status effects
A: AC +4, unfitting armour, cold-blooded
a: Renounce Religion, Berserk


You escaped.
You worshipped Trog.
Trog was aware of your devotion.
You visited 1 branch of the dungeon, and saw 1 of its levels.

You collected 50 gold pieces.

Inventory:

Hand Weapons
 a - a +0 hand axe (weapon)
Missiles
 b - a throwing net (quivered)
Scrolls
 c - 2 scrolls of amnesia {unknown}
 d - a scroll of blinking {unknown}
 f - 2 scrolls of identify {unknown}
 h - a scroll of enchant armour {unknown}
 i - a scroll of teleportation {unknown}
Potions
 e - a potion of mutation {unknown}
 g - a potion of might {unknown}


   Skills:
 + Level 3.6 Fighting
 * Level 3.5 Axes
 + Level 3.0 Dodging


You had one spell level left.
You didn't know any spells.
Your spell library was empty.

Dungeon Overview and Level Annotations

Branches:
Dungeon (1/15)

Altars:


Innate Abilities, Weirdness & Mutations

Your plain brown scales are hard. (AC +4)
You cannot fit into any form of body armour.
You are cold-blooded and may be slowed by cold attacks.


Message History

Things that are here:
a +0 dagger; a jackal corpse
Found a whip.
Found 3 stones.
i - a scroll labelled WUBBUN RUOS You see here 3 stones.
j - 3 scrolls labelled RAGIOR NADERHA You see here 3 stones.
Key pressed, stopping explore.
A jackal comes into view.
The jackal barks!
You hit the jackal.
You tail-slap the jackal, but do no damage.
The jackal is lightly wounded.
The jackal closely misses you. The jackal barely misses you.
You hit the jackal.
You kill the jackal!
Trog accepts your kill.
No target in view!
No target in view!
No target in view!
You see here a jackal corpse.
Done exploring.
Done exploring.
This is a scroll of acquirement!
Something appears at your feet! Something appears at your feet!
Something appears at your feet!
Okay, then.
(D) Dungeon
Where to? (? - help)
Okay, then.
(D) Dungeon
Where to? (? - help)
What level of the Dungeon? (default 1, ? - help)
You see here a ball python skeleton.
There is an open door here.
There is a staircase leading out of the dungeon here.
Are you sure you want to leave the Dungeon?
This will make you lose the game!
You have escaped!

#..# #..# #.# #####.# #.## ###.#
..# #.# ######.#####...# #.# #.#
#..............# #.# #.#
#..##+#'#+##...# #.#
#.########.#.#.###..# #.#
#......##⌠.P.P.⌠##.##
#.###..######.......###.##
#......### ##...@...####.##
#.##.....# ###########..#.#
#.##.###.####♣..>..♣###..##
#....# #...##.......###.##
..##.###.####♣.⌠_⌠.♣##..#########
####.....# #####⌠#####...........
.......### ############.########
######## #.# ######### #.#


There were no monsters in sight!

Vanquished Creatures
  3 bats (D:1)
  2 giant cockroaches (D:1)
  A goblin (D:1)
  2 hobgoblins (D:1)
  6 jackals (D:1)
  2 quokkas (D:1)
  2 ball pythons (D:1)
  A frilled lizard (D:1)
  A rat (D:1)
20 creatures vanquished.

Notes
Turn   | Place    | Note
-------+----------+-------------------------------------------
     0 | D:1      | bananamous the Draconian Berserker began the quest for the
                  | Orb.
     0 | D:1      | Reached XP level 1. HP: 19/19 MP: 1/1
   324 | D:1      | Reached XP level 2. HP: 21/26 MP: 2/2
   716 | D:1      | Identified 3 scrolls of acquirement
   716 | D:1      | Acquired the ring of Tender Moments {rPois rN+ rCorr}
   717 | D:1      | Acquired a +4 great mace of draining
   718 | D:1      | Acquired 545 gold pieces
   784 | D:$      | Got out of the dungeon alive.

Illustrated notes

Levels and vault maps discovered:
D:1:      spicycebolla_arrival_ecumenical, layout_loops_ring

Skill      XL: |  1  2 |
---------------+-------+-----
Dodging        | 3 |  3.0
Fighting       | |  3.6
Axes           | |  3.5

Action                     || total
---------------------------++-------
  Melee: Hand axe          ||    49
         Tailslap          ||     6
    Use: Scroll            ||     3
 Armour: Skin              ||    21
  Dodge: Dodged            ||    42
